 Dungeon Crawl Stone Soup version 0.28-a0-969-g2dcde036d2 (webtiles) character file.

Game seed: 9301965160174343514

45 Decritt the Skirmisher (level 3, -3/29 HPs)
             Began as a Demonspawn Abyssal Knight on Dec 1, 2021.
             Was a Believer of Lugonu.
             Slain by a worm (7 damage)
             ... on level 2 of the Dungeon.
             The game lasted 00:03:07 (1434 turns).

Decritt the Skirmisher (Demonspawn Abyssal Knight)  Turns: 1434, Time: 00:03:08

Health: -3/29      AC:  3    Str: 15    XL:     3   Next: 42%
Magic:  4/4        EV: 10    Int: 11    God:    Lugonu [**....]
Gold:   36         SH:  3    Dex: 13    Spells: 2/2 levels left

rFire   . . .      SeeInvis .   a - +1 spear
rCold   . . .      Faith    .   d - +0 buckler
rNeg    . . .      Spirit   .   b - +0 leather armour
rPois   .          Reflect  .   (no helmet)
rElec   .          Harm     .   (no cloak)
rCorr   .          Rampage  .   (no gloves)
Will    .....                   (no boots)
Stlth   +.........              (no amulet)
HPRegen 0.09/turn               (no ring)
MPRegen 0.09/turn               (no ring)

@: no status effects
A: powered by death 1
a: Renounce Religion, Depart the Abyss, Bend Space


You were on level 2 of the Dungeon.
You worshipped Lugonu.
Lugonu was pleased with you.
You visited 1 branch of the dungeon, and saw 2 of its levels.
You visited the Abyss 1 time.

You collected 36 gold pieces.

Inventory:

Hand Weapons
 a - a +1 spear (weapon)
Armour
 b - a +0 leather armour (worn)
 d - a +0 buckler (worn)
Scrolls
 c - a scroll of enchant armour {unknown}
Potions
 e - a potion of curing {unknown}


   Skills:
 * Level 3.5 Fighting
 * Level 2.4 Polearms
 + Level 2.0 Armour
 + Level 1.2 Dodging
 + Level 0.7 Shields
 - Level 2.5 Invocations


You had 2 spell levels left.
You didn't know any spells.
Your spell library contained the following spells:

 Spells                   Type           Power      Damage    Failure   Level
 Pain                     Necr           0%         1d4       54%         1
 Agony                    Necr           0%         N/A       100%        5
 Excruciating Wounds      Necr           0%         N/A       100%        5


Dungeon Overview and Level Annotations

Branches:
Dungeon (2/15)

Altars:


Innate Abilities, Weirdness & Mutations

You regenerate a little health from kills.


Message History

The hobgoblin is almost dead.
The hobgoblin closely misses you.
You hit the hobgoblin.
You kill the hobgoblin!
Lugonu accepts your kill.
You see here a hobgoblin corpse.
Found a stone staircase leading down.
A worm comes into view.
A hobgoblin comes into view.
The hobgoblin shouts!
You hit the worm.
The worm is moderately wounded.
You hit the worm.
The worm is moderately wounded.
The worm bites you.
You hit the worm.
The worm is moderately wounded.
You hit the worm but do no damage.
The worm is moderately wounded.
The worm bites you!
* * * LOW HITPOINT WARNING * * *
You block the hobgoblin's attack.
You hit the worm.
The worm is heavily wounded.
The hobgoblin barely misses you. The worm bites you!
* * * LOW HITPOINT WARNING * * *
You hit the worm.
The worm is severely wounded.
The hobgoblin hits you but does no damage.
You hit the worm.
The worm is almost dead.
The hobgoblin hits you.
* * * LOW HITPOINT WARNING * * *
The worm closely misses you.
You barely miss the worm.
The worm is severely wounded.
The hobgoblin hits you.
* * * LOW HITPOINT WARNING * * *
The worm bites you!
You die...

#############
#...........# .
#.#########.#
....######.##### ##.##
#.....w@.......####...##
#...>.g.......†..#.....#
#.#####.##..##.#........
#.##..##.###.....#
#.##..##.# ##...##
#.##..##.#####.##
#.##..##(......#
#..#.........#.###
...............


You could see a worm and a hobgoblin.

Vanquished Creatures
  2 adders (D:2)
  A ball python (D:1)
  3 giant cockroaches (D:1)
  3 hobgoblins
  4 jackals (D:2)
  3 kobolds
  4 bats
  2 frilled lizards (D:1)
  A goblin (D:1)
  2 rats (D:1)
25 creatures vanquished.

Notes
Turn   | Place    | Note
-------+----------+-------------------------------------------
     0 | Abyss:1  | Decritt the Demonspawn Abyssal Knight began the quest for
                  | the Orb.
     0 | Abyss:1  | Reached XP level 1. HP: 18/18 MP: 2/2
    10 | D:1      | Escaped the Abyss
   120 | D:1      | Reached skill level 1 in Dodging
   364 | D:1      | Gained mutation: You regenerate a little health from kills.
                  | [demonic ancestry]
   364 | D:1      | Reached XP level 2. HP: 14/24 MP: 3/3
  1066 | D:2      | Reached XP level 3. HP: 29/29 MP: 4/4
  1069 | D:2      | Reached ** piety under Lugonu
  1434 | D:2      | Slain by a worm

Illustrated notes

Levels and vault maps discovered:
D:1:      psy_arrival_dodecagon, layout_basic
D:2:      layout_loops_ring, hellmonk_ecumenical_altar_heavens_door,
          basic_altar, minmay_heptomino_w4, uniq_crazy_yiuf_cottage

Skill      XL: |  1  2 |
---------------+-------+-----
Dodging        | 1 |  1.2
Polearms       | 2 |  2.4
Armour         | 2 |  2.0
Fighting       | |  3.5
Shields        | |  0.7
Invocations    | |  2.5

Action                   || total
-------------------------++-------
Melee: Spear             ||   129
Armor: Leather armour    ||    44
Dodge: Dodged            ||    64
Block: Buckler           ||    12

Table legend: (Time is in decaauts)
 A = Elapsed time spent in this place.
 B = Non-inter-level travel time spent in this place.
 C = Inter-level travel time spent in this place.
 D = Time resting spent in this place.
 E = Time spent auto-exploring this place.
 F = Levels seen in this place.
 G = Mean time per level.
                   A        B        C        D        E       F      G
               +--------+--------+--------+--------+--------+-----+--------+
         Total |   1441 |   1425 |     16 |    557 |    613 |   3 |  480.3 |
       Dungeon |   1431 |   1415 |     16 |    557 |    613 |   2 |  715.5 |
         Abyss |     10 |     10 |      0 |      0 |      0 |   1 |   10.0 |
               +--------+--------+--------+--------+--------+-----+--------+

Top non-repeatable levels by time:
     D:1: 915 daAuts
     D:2: 516 daAuts
 Abyss:1: 10 daAuts
